 Dungeon Crawl Stone Soup version 0.31-a0-816-gd61d57d (webtiles) character file.

Game seed: 1886000378760081603

206 Nithhogg the Chopper (level 5, -2/70 HPs)
             Began as a Hill Orc Fighter on Sept 18, 2023.
             Killed by divine providence
             ... invoked by an orc priest
              (9 damage)
             ... on level 4 of the Dungeon on Sept 22, 2023.
             The game lasted 00:04:42 (2460 turns).

Nithhogg the Chopper (Hill Orc Fighter)             Turns: 2460, Time: 00:04:42

Health: -2/70      AC: 22    Str: 20 (21) XL:     5   Next: 84%
Magic:  5/5        EV:  2    Int:  7 (8)  God:
Gold:   150        SH:  0    Dex:  7 (10) Spells: 4/4 levels left

rFire   . . .        a - +0 war axe
rCold   . . .        (no shield)
rNeg    . . .        b - melded +0 scale mail
rPois   +            (helmet currently unavailable)
rElec   .            e - melded scarf {rC+ rF+}
rCorr   .            (gloves currently unavailable)
SInv    .            (boots currently unavailable)
Will    .....        (no amulet)
Stlth   +            (no ring)
HPRegen 0.31/turn    (no ring)
MPRegen 0.09/turn

%: no passive effects
@: brilliant, tree-form, attractive
A: stationary, stasis, torment immunity, boosted hp
a: Convert to Beogh


You were on level 4 of the Dungeon.
You were a tree.
You visited 1 branch of the dungeon, and saw 4 of its levels.

You collected 150 gold pieces.

Inventory:

Hand Weapons
 a - a +0 war axe (weapon)
 o - a +1 antimagic spear
Armour
 b - a +0 scale mail (melded)
 c - a +0 buckler
 e - a scarf of resistance (melded)
Wands
 p - a wand of polymorph (9)
Scrolls
 g - 5 scrolls of identify
 j - 2 scrolls of enchant armour
 k - a scroll of blinking {unknown}
 l - a scroll of immolation {unknown}
 m - 2 scrolls of butterflies {unknown}
Potions
 d - a potion of heal wounds {unknown}
 f - a potion of lignification


   Skills:
 + Level 4.8 Fighting
 * Level 5.8 Axes
 + Level 4.4 Armour
 - Level 3.2 Shields


You had 4 spell levels left.
You didn't know any spells.
Your spell library contained the following spells:

 Spells                   Type           Power      Damage    Failure   Level
 Summon Guardian Golem    Hex/Summ       0%         N/A       80%         3
 Orb of Destruction       Conj           0%         9d5       100%        7
 Spellforged Servitor     Conj/Summ      0%         N/A       100%        7


Dungeon Overview and Level Annotations

Branches:
Dungeon (4/15)
 Temple: D:4-7

Altars:
Ru

Shops:
D:1 [   D:3 [


Message History

A puff of flame appears from out of thin air!
The puff of flame hits you. You resist.
You miss something.
The orc priest shouts, "Beogh is our master!
Accept the truth or die!"
Something hits you but does no damage.
The orc priest invokes the aid of Beogh against you.
Something writhes in agony.
You miss something. Something hits you. Something completely misses you.
You closely miss something.
The orc priest shouts, "Beogh is our master!
Accept the truth or die!"
The orc priest calls down the wrath of Beogh upon you.
Beogh smites you!
* * * LOW HITPOINT WARNING * * *
You hear some strange, mumbled words.
A magic dart appears from out of thin air!
The magic dart hits you.
* * * LOW HITPOINT WARNING * * *
The orc priest looks braver for a moment.
It was a potion of lignification.
You turn into a tree.
Your scarf of resistance melds into your body.
Your +0 scale mail melds into your body.
You feel hot and cold all over.
Your roots penetrate the ground.
You hear some strange, mumbled words.
A puff of flame appears from out of thin air!
The puff of flame hits you but does no damage.
It was a potion of brilliance.
You feel clever all of a sudden. Something hits you but does no damage.
It was a potion of degeneration.
There was something very wrong with that liquid.
You feel weakened.
You feel dopey.
You feel clumsy. Something hits you but does no damage.
It was a potion of attraction.
You feel attractive to monsters.
You hear some strange, mumbled words.
A magic dart appears from out of thin air!
The magic dart hits you but does no damage.
The orc priest mumbles some strange prayers to Beogh against you.
Beogh smites you!
You die...

.. #.# . #.# ## #.. #.#
... ... #.##.. ... #
.... ... ...##.##.# #..
#...o{♣.# .....o##.#
##.#####.# #...# #....#
#...# # #.##.# #<..###
#.##.##.# ......#
#.......#### ......#
####.........#
......#####...##########


You could see 2 orc priests.

Vanquished Creatures
  An orc priest (D:3)
  An orc wizard (D:4)
  3 gnolls (D:3)
  5 adders
  A worm (D:2)
  A dart slug (D:1)
  7 orcs
  4 endoplasms
  3 giant cockroaches
  6 goblins
  4 hobgoblins
  4 jackals
  7 kobolds
  4 quokkas
  3 ball pythons
  2 bats (D:2)
  6 frilled lizards
  5 rats
67 creatures vanquished.

Notes
Turn   | Place    | Note
-------+----------+-------------------------------------------
     0 | D:1      | Nithhogg the Hill Orc Fighter began the quest for the Orb.
     0 | D:1      | Reached XP level 1. HP: 19/19 MP: 1/1
    37 | D:1      | Found a faded altar of an unknown god.
    51 | D:1      | Reached skill level 3 in Axes
   124 | D:1      | Reached XP level 2. HP: 27/27 MP: 2/2
   149 | D:1      | Upgraded the game from 0.31-a0-788-ga445dbd to
                  | 0.31-a0-816-gd61d57d
   485 | D:1      | Found Myongaorph's Antique Armour Boutique.
   575 | D:1      | Reached XP level 3. HP: 33/33 MP: 3/3
  1067 | D:2      | Reached skill level 4 in Axes
  1295 | D:2      | Reached XP level 4. HP: 33/40 MP: 4/4
  1599 | D:3      | Found Tiasimmu's Antique Armour Shoppe.
  1627 | D:3      | Reached skill level 5 in Axes
  1628 | D:3      | Reached XP level 5. HP: 21/47 MP: 5/5
  2080 | D:3      | Found a sacrificial altar of Ru.
  2460 | D:4      | Killed from afar by an orc priest

Illustrated notes

Levels and vault maps discovered:
D:1:      saegor_arrival_simple_d, layout_basic, serial_shops, shop,
          hellmonk_ecumenical_altar_run_dry
D:2:      layout_loops_cross
D:3:      layout_rooms, hangedman_ru_absence, serial_shops,
          nicolae_shop_tiny_glass
D:4:      layout_loops_cross

Skill      XL: |  1  2  3  4 |
---------------+-------------+-----
Axes           | 3 4 5 |  5.8
Fighting       | 4 |  4.8
Armour         | 4 |  4.4
Shields        | |  3.2

Action                     |  1- 3 |  4- 6 || total
---------------------------+-------+-------++-------
  Melee: War axe           |   112 |    85 ||   197
    Use: Scroll            |     6 |       ||     6
         Potion            |       |     5 ||     5
 Armour: Scale mail        |    93 |    89 ||   182
         Skin              |       |     4 ||     4
  Dodge: Dodged            |    55 |    40 ||    95

Table legend: (Time is in decaauts)
 A = Elapsed time spent in this place.
 B = Non-inter-level travel time spent in this place.
 C = Inter-level travel time spent in this place.
 D = Time resting spent in this place.
 E = Time spent auto-exploring this place.
 F = Levels seen in this place.
 G = Mean time per level.
                   A        B        C        D        E       F      G
               +--------+--------+--------+--------+--------+-----+--------+
         Total |   2516 |   2425 |     91 |      0 |   1944 |   4 |  629.0 |
       Dungeon |   2516 |   2425 |     91 |      0 |   1944 |   4 |  629.0 |
               +--------+--------+--------+--------+--------+-----+--------+

Top non-repeatable levels by time:
     D:1: 897 daAuts
     D:2: 677 daAuts
     D:3: 626 daAuts
     D:4: 314 daAuts
